 Dungeon Crawl Stone Soup version 0.18.1-48-g4cf74bf (webtiles) character file.

252 OTRawrior the Digger (level 6, -2/32 HPs)
             Began as a Gargoyle Earth Elementalist on Aug 14, 2016.
             Slain by an iguana (10 damage)
             ... on level 3 of the Dungeon.
             The game lasted 00:07:22 (3115 turns).

OTRawrior the Digger (Gargoyle Earth Elementalist)  Turns: 3115, Time: 00:07:22

Health: -2/32      AC: 13    Str: 12    XL:     6   Next: 14%
Magic:  3/12       EV: 12    Int: 17    God:
Gold:   136        SH:  0    Dex: 10    Spells: 3 memorised, 5 levels left

rFire  . . .     SeeInvis .     w - +0 flail (curse)
rCold  . . .     Gourm    .     a - +0 robe
rNeg   + . .     Faith    .     (no shield)
rPois  ∞         Spirit   .     h - +2 helmet
rElec  +         Dismiss  .     v - +2 cloak {rPois}
rCorr  .         Reflect  .     g - +0 pair of gloves
SustAt .         Harm     .     (no boots)
MR     .....                    (no amulet)
Stlth  ++........               (no ring)
                                (no ring)

@: not resistant to hostile enchantments, unstealthy
A: negative energy resistance 1, electricity resistance, unbreathing,
petrification resistance, rot immunity, AC +4
a: no special abilities


You were on level 3 of the Dungeon.
You were not hungry.

You visited 1 branch of the dungeon, and saw 3 of its levels.

You collected 136 gold pieces.

Inventory:

Hand Weapons
 w - a cursed +0 flail (weapon)
Missiles
 b - 29 stones (quivered)
Armour
 a - a +0 robe (worn)
 g - a +0 pair of gloves (worn)
 h - a +2 helmet (worn)
 v - a +2 cloak of poison resistance (worn)
Scrolls
 e - 2 scrolls of identify {unknown}
 j - 2 scrolls of enchant armour {unknown}
 l - a scroll of amnesia {unknown}
 p - a scroll of random uselessness {unknown}
 s - a scroll of fog {unknown}
 u - a scroll of remove curse {unknown}
Potions
 i - 2 potions of brilliance {unknown}
 k - 2 potions of agility {unknown}
 m - a potion of haste {unknown}
 n - a potion of curing {unknown}
 o - 2 potions of heal wounds {unknown}
 q - a potion of ambrosia {unknown}
Books
 c - a book of Geomancy

   Spells                             Type                      Level
   a - Sandblast                      Earth                        1
   b - Passwall                       Transmutation/Earth          2
   c - Stone Arrow                    Conjuration/Earth            3
   d - Petrify                        Transmutation/Earth          4
   e - Lee's Rapid Deconstruction     Earth                        5
Comestibles
 d - 2 bread rations
 f - a royal jelly
 r - a beef jerky
 t - a meat ration


   Skills:
 - Level 1.5 Dodging
 - Level 2.1 Stealth
 * Level 4.5 Spellcasting
 + Level 2.5 Conjurations
   Level 0.7 Transmutations
 + Level 5.0 Earth Magic


You had 5 spell levels left.
You knew the following spells:

 Your Spells              Type           Power        Failure   Level  Hunger
a - Sandblast             Erth           ###...       1%          1    None
b - Stone Arrow           Conj/Erth      ###...       12%         3    ###....
c - Lee's Rapid Deconstr  Erth           ###.......   58%         5    ######.


Dungeon Overview and Level Annotations

Branches:
Dungeon (3/15)

Altars:
Gozag
Ru


Innate Abilities, Weirdness & Mutations

You are resistant to torment.
Your stone body is resilient (AC +4).
You are immune to poison.
You resist negative energy.
You are resistant to electric shocks.
You can survive without breathing.
You are immune to petrification.
You are immune to rotting.


Message History

Aim: an iguana (moderately wounded)
The blast of sand hits the iguana.
The iguana is heavily wounded.
The iguana bites you.
Casting: Sandblast
Confirm with . or Enter, or press ? or * to list all spells.
Aiming: Sandblast
Press: ? - help, Shift-Dir - straight line, f/p - iguana
Aim: an iguana (heavily wounded)
The blast of sand misses the iguana.
The iguana bites you!
* * * LOW HITPOINT WARNING * * *
Casting: Sandblast
Confirm with . or Enter, or press ? or * to list all spells.
Aiming: Sandblast
Press: ? - help, Shift-Dir - straight line, f/p - iguana
Aim: an iguana (heavily wounded)
The blast of sand hits the iguana.
The iguana is heavily wounded.
The iguana bites you!
You die...

#######.########
#...............
#.#............#
##.#.###.##.#.#.# #
##....# #.##.#.#.#
#.#####.....###.#.......
#.......!....##.#..#....
###.........##....[....
#.#.@.....####..###.# #
#.l.......##.. #.# ♣♣♣
#.#....##.##. #.#
♣.♣♣♣##### ............
..# .♣).♣#...#
...##..#.#.## ###
♣♣♣♣.'...# .... ......
♣♣#..)# #..%. ....##
##### #.... .##.#


You could see an iguana.

Vanquished Creatures
  An orc priest (D:3)
  Crazy Yiuf (D:3)
  Terence (D:3)
  Natasha (twice) (D:3)
  4 adders
  2 oozes (D:2)
  2 worms (D:3)
  2 dart slugs (D:1)
  A giant gecko (D:1)
  8 orcs (D:3)
  4 giant cockroaches (D:1)
  4 goblins
  5 hobgoblins
  2 jackals (D:3)
  A ball python (D:1)
  6 bats
  4 giant newts
  7 kobolds
  7 rats
64 creatures vanquished.

Notes
Turn   | Place    | Note
--------------------------------------------------------------
     0 | D:1      | OTRawrior the Gargoyle Earth Elementalist began the quest for the Orb.
     0 | D:1      | Reached XP level 1. HP: 10/10 MP: 3/3
   263 | D:1      | Reached XP level 2. HP: 7/15 MP: 0/5
   414 | D:1      | Reached skill level 4 in Earth Magic
   841 | D:1      | Reached XP level 3. HP: 19/19 MP: 4/7
   846 | D:1      | Learned a level 3 spell: Stone Arrow
  1563 | D:2      | Found an opulent altar of Gozag.
  1889 | D:2      | Reached skill level 1 in Conjurations
  1889 | D:2      | Reached XP level 4. HP: 18/24 MP: 2/9
  2088 | D:3      | Found a sacrificial altar of Ru.
  2176 | D:3      | Noticed Crazy Yiuf
  2188 | D:3      | Killed Crazy Yiuf
  2307 | D:3      | Reached XP level 5. HP: 15/28 MP: 7/10
  2547 | D:3      | Learned a level 5 spell: Lee's Rapid Deconstruction
  2613 | D:3      | Noticed Natasha
  2621 | D:3      | Killed Natasha
  2783 | D:3      | Noticed Natasha
  2794 | D:3      | Killed Natasha
  2859 | D:3      | Reached XP level 6. HP: 32/32 MP: 1/12
  2991 | D:3      | Noticed Terence
  3014 | D:3      | Killed Terence
  3014 | D:3      | Reached skill level 5 in Earth Magic
  3115 | D:3      | Slain by an iguana

Skill      XL: |  1  2  3  4  5  6 |
---------------+-------------------+-----
Earth Magic    | 4 5 |  5.0
Spellcasting   | 3 4 |  4.5
Conjurations   | 1 2 |  2.5
Dodging        | |  1.5
Stealth        | |  2.1
Transmutations | |  0.7

Action                   |  1- 3 |  4- 6 || total
-------------------------+-------+-------++-------
Melee: Unarmed           |     4 |       ||     4
       Club              |     6 |       ||     6
       Mace              |     3 |     6 ||     9
       Flail             |       |    40 ||    40
 Cast: Sandblast         |    63 |    68 ||   131
       Stone Arrow       |       |     3 ||     3
  Eat: Chunk             |     3 |     5 ||     8
Armor: Robe              |    26 |    33 ||    59
Dodge: Dodged            |    44 |    58 ||   102
